 Dungeon Crawl Stone Soup version 0.30-b1-2-g02819fbbbe (webtiles) character file.

Game seed: 3119513687920605582

267043 MisterFreud the Tortoise (level 20, -11/144 HPs)
             Began as a Gnoll Wanderer on Sept 25, 2023.
             Was the Champion of Hepliaklqana.
             Killed from afar by an ironbound frostheart (32 damage)
             ... by creeping frost
             ... on level 1 of the Vaults on Sept 27, 2023.
             The game lasted 03:22:11 (45537 turns).

MisterFreud the Tortoise (Gnoll Wanderer)          Turns: 45537, Time: 03:22:12

Health: -11/144    AC: 26    Str: 12    XL:     20   Next: 11%
Magic:  30/38      EV: 16    Int: 18    God:    Hepliaklqana [******]
Gold:   2060       SH: 20    Dex: 16    Spells: 43/47 levels left

rFire   . . .        B - +6 quick blade (venom)
rCold   . . .        Y - +2 kite shield
rNeg    . . .        b - +1 ring mail
rPois   .            V - +2 helmet
rElec   .            G - +2 cloak of Privacy {Rampage Dex+4 Stlth+}
rCorr   .            M - +0 pair of gloves {infuse}
SInv    .            z - +2 pair of boots
Will    +++..        J - amulet of reflection
Stlth   ++++++       Q - +4 ring of slaying
HPRegen 0.44/turn    r - ring of the Red Skies {Will++ AC+4}
MPRegen 0.26/turn

%: reflection, rampage, infuse magic (1 MP)
@: about to teleport, frozen, very slow
A: reduced essence, fangs 1, strong nose, distributed training, weak 1
}: 2/15 runes: serpentine, barnacled
a: Renounce Religion, Recall Ancestor, Ancestor Identity, Transference, Idealise


You were on level 1 of the Vaults.
You worshipped Hepliaklqana.
Hepliaklqana was exalted by your worship.
You visited 6 branches of the dungeon, and saw 31 of its levels.

You collected 3729 gold pieces.
You spent 1669 gold pieces at shops.

Inventory:

Hand Weapons
 c - a +0 demon blade of venom
 o - the +3 mace "Pirchymp" {drain, rElec Int+3 Dex+4}
   (You found it on level 4 of the Dungeon)

   Int:       It affects your intelligence (+3).
   Dex:       It affects your dexterity (+4).
   rElec:     It insulates you from electricity.
 B - a +6 quick blade of venom (weapon)
 E - a +4 lajatang of venom
Missiles
 f - 2 throwing nets
Armour
 b - a +1 ring mail (worn)
 z - a +2 pair of boots (worn)
 G - the +2 cloak of Privacy (worn) {Rampage Dex+4 Stlth+}
   (You acquired it on level 7 of the Dungeon)

   Dex:       It affects your dexterity (+4).
   Rampage:   It bestows one free step when moving towards enemies.
   Stlth:     It makes you more stealthy.
 M - a +0 pair of gloves of infusion (worn)
 V - a +2 helmet (worn)
 Y - a +2 kite shield (worn)
Jewellery
 k - the amulet of the Sheltering Gods {Spirit Harm Rampage *Slow Regen+}
   (You took it off a merfolk impaler on level 4 of the Shoals)

   [amulet of guardian spirit]

   It causes incoming damage to be divided between your reserves of health and
   magic.
   Regen:     It increases your rate of health regeneration.
   *Slow:     It may slow you when you take damage.
   Harm:      It increases damage dealt and taken.
   Rampage:   It bestows one free step when moving towards enemies.
 m - a ring of resist corrosion
 p - a ring of protection from cold
 r - the ring of the Red Skies (right hand) {Will++ AC+4}
   (You found it on level 5 of the Dungeon)

   [ring of protection]

   AC:        It affects your AC (+4).
   Will:      It greatly increases your willpower.
 y - the ring "Rozuti" {Wiz +Blink}
   (You found it on level 4 of the Shoals)

   [ring of wizardry]

   It improves your spell success rate.
   +Blink:    It lets you blink.
 J - an amulet of reflection (around neck)
 L - an amulet of regeneration
 Q - a +4 ring of slaying (left hand)
 S - a ring of protection from fire
Wands
 h - a wand of paralysis (25)
 n - a wand of flame (28)
 q - a wand of light (10)
 t - a wand of mindburst (9)
 w - a wand of polymorph (25)
 T - a wand of roots (16)
 W - a wand of digging (1)
Scrolls
 a - 2 scrolls of silence
 g - 4 scrolls of amnesia
 l - 3 scrolls of teleportation
 u - 10 scrolls of enchant armour
 C - 3 scrolls of summoning
 H - 3 scrolls of fear
 K - 4 scrolls of magic mapping
 U - 10 scrolls of fog
Potions
 d - 2 potions of cancellation
 e - 7 potions of might
 i - 4 potions of flight
 j - 8 potions of mutation
 s - 7 potions of haste
 v - 6 potions of brilliance
 x - 4 potions of ambrosia
 A - 9 potions of curing
 D - 6 potions of magic
 F - 8 potions of lignification
 I - a potion of heal wounds
 R - 5 potions of resistance
 X - 2 potions of invisibility
Miscellaneous
 N - a tin of tremorstones (2/2)
 O - a phial of floods
 P - a box of beasts
 Z - a phantom mirror


   Skills:
 + Level 14.6 Fighting
 + Level 14.0 Short Blades
 + Level 14.6 Long Blades
 + Level 14.0 Axes
 + Level 14.0 Maces & Flails
 + Level 14.0 Polearms
 + Level 14.0 Staves
 + Level 14.0 Ranged Weapons
 + Level 14.0 Throwing
 + Level 15.3 Armour
 + Level 14.0 Dodging
 + Level 14.0 Stealth
 + Level 14.0 Shields
 + Level 14.0 Unarmed Combat
 + Level 14.2 Spellcasting
 + Level 11.9 Conjurations
 + Level 11.9 Hexes
 + Level 11.9 Summonings
 + Level 11.9 Necromancy
 + Level 11.9 Translocations
 + Level 12.4 Transmutations
 + Level 11.9 Fire Magic
 + Level 11.9 Ice Magic
 + Level 11.9 Air Magic
 + Level 11.9 Earth Magic
 + Level 11.9 Poison Magic
 + Level 15.1 Invocations
 + Level 14.0 Evocations


You had 43 spell levels left.
You knew the following spells:

 Your Spells              Type           Power      Damage    Failure   Level
a - Blink                 Tloc           100%       N/A       1%          2
b - Ensorcelled Hibernat  Hex/Ice        100%       N/A       1%          2

Your spell library contained the following spells:

 Spells                   Type           Power      Damage    Failure   Level
 Beastly Appendage        Tmut           100%       N/A       1%          1
 Slow                     Hex            100%       N/A       1%          1
 Sting                    Tmut/Pois      100%       1d8       1%          1
 Lesser Beckoning         Tloc           100%       N/A       1%          2
 Momentum Strike          Conj/Tloc      100%       3d10      1%          2
 Poisonous Vapours        Pois/Air       100%       N/A       1%          2
 Wereblood                Tmut           55%        N/A       1%          2
 Confusing Touch          Hex            54%        N/A       1%          3
 Gell's Gravitas          Tloc           54%        N/A       1%          3
 Hailstorm                Conj/Ice       54%        3d12      1%          3
 Spider Form              Tmut/Pois      54%        N/A       1%          3
 Teleport Other           Tloc           54%        N/A       1%          3
 Vampiric Draining        Necr           54%        2d9       1%          3
 Anguish                  Hex/Necr       27%        N/A       1%          4
 Animate Armour           Summ/Erth      100%       N/A       1%          4
 Cause Fear               Hex            27%        N/A       1%          4
 Ice Form                 Ice/Tmut       54%        N/A       1%          4
 Manifold Assault         Tloc           54%        N/A       1%          4
 Olgreb's Toxic Radiance  Pois           54%        N/A       1%          4
 Blade Hands              Tmut           27%        N/A       3%          5
 Conjure Ball Lightning   Conj/Air       27%        3x3d8     22%         6
 Dispersal                Tloc           27%        N/A       22%         6
 Iron Shot                Conj/Erth      27%        9d6       22%         6
 Simulacrum               Ice/Necr       27%        N/A       22%         6
 Storm Form               Tmut/Air       27%        N/A       71%         7
 Enfeeble                 Hex            27%        N/A       75%         7
 Discord                  Hex            27%        N/A       100%        8
 Disjunction              Tloc           27%        N/A       100%        8
 Necromutation            Tmut/Necr      27%        N/A       100%        8
 Death's Door             Necr           27%        N/A       100%        9


Dungeon Overview and Level Annotations

Branches:
Dungeon (15/15)            Temple (0/1) D:5            Lair (5/5) D:11
 Shoals (4/4) Lair:3        Snake (4/4) Lair:3        Slime (0/5) Lair:5
    Orc (2/2) D:10            Elf (0/3) Orc:2        Vaults (1/5) D:13
 Depths (0/4) D:15

Altars:
Dithmenos
Hepliaklqana
Nemelex Xobeh
Ru
Sif Muna
Yredelemnul
The Shining One

Shops:
D:2 *   D:10 *   D:15 !   Orc:1 ?   Orc:2 *=?*   Shoals:3 (   Shoals:4 *
Snake:1 [[?([   Snake:2 !   Vaults:1 :

Annotations:
Lair:3 1 runed translucent door, Killmatronix's ghost, journeyman MiSu
Shoals:4 Roxanne
Snake:2 2 transporters, Syrassil's ghost, journeyman DgGl


Innate Abilities, Weirdness & Mutations

Your life essence is reduced to manifest your ancestor. (-10% HP)
You have very sharp teeth.
Your uncanny sense of smell can sniff out nearby items.
Your experience applies equally to all skills.
You are weak. (Str -2)


Message History

The ice encasing you melts away.
You rampage towards the ironbound preserver!
You hit the ironbound preserver.
The ironbound preserver is poisoned.
The ironbound preserver is moderately wounded.
You hit the ironbound preserver.
The ironbound preserver looks as sick as possible!
The ironbound preserver is moderately wounded.
The ironbound frostheart calls freezing cold from the walls.
The frost grips you but does no damage.
You are encased in ice.
The ironbound preserver hits you but does no damage.
You puncture the ironbound preserver! You bite the ironbound preserver.
The ironbound preserver is heavily wounded.
Unknown command.
You puncture the ironbound preserver!
The ironbound preserver looks as sick as possible!
You bite the ironbound preserver, but do no damage.
The ironbound preserver is severely wounded.
Unknown command.
You puncture the ironbound preserver!
The ironbound preserver looks as sick as possible!
The ironbound preserver is almost dead.
The ironbound frostheart calls freezing cold from the walls.
The frost grips you!!
* * * LOW HITPOINT WARNING * * *
The ironbound preserver misses you.
You hit the ironbound preserver but do no damage.
The ironbound preserver looks as sick as possible!
The ironbound preserver is almost dead.
Unknown command.
You puncture the ironbound preserver!
The ironbound preserver looks as sick as possible!
The ironbound preserver is almost dead.
The ironbound preserver casts a spell.
The ironbound preserver is healed somewhat.
As you read the scroll of teleportation, it crumbles to dust.
You feel strangely unstable.
The ironbound frostheart calls freezing cold from the walls.
The frost grips you!!
You die...

#.# #.# #.# #.#
... #.# .. #.#
#### .. #.# ...
.# #.#.# ..#.#
#@#...#.T[#
#p#....T..#
#T######'########
#.p.p.T..........
#.....p..........
#................
#..T.............
#................
#................


You could see an ironbound preserver (extremely poisoned), an ironbound
frostheart (drained) and 2 deep trolls.

Vanquished Creatures
  Bai Suzhen (Shoals:4)
  Saint Roka (Orc:2)
  Polyphemus (Shoals:4)
  A kraken (Shoals:2)
  Ilsuiw (Shoals:4)
  Donald (Vaults:1)
  7 nagarajas (Snake:4)
  Aizul (Snake:4)
  An ironbound preserver (Vaults:1)
  An orc warlord (Vaults:1)
  An ironbound thunderhulk (Vaults:1)
  A dire elephant (Lair:5)
  An ettin (Orc:2)
  3 merfolk javelineers
  7 merfolk impalers
  Snorg (D:12)
  4 vault guards (D:13)
  A great orb of eyes (Vaults:1)
  An ogre mage (D:13)
  A spriggan skeleton (D:15)
  5 hydras
  12 centaur warriors
  An ironbound frostheart (Vaults:1)
  4 merfolk avatars
  5 two-headed ogres
  A catoblepas (Shoals:4)
  2 alligator snapping turtles (Shoals:4)
  13 anacondas
  2 boulder beetles
  2 satyrs
  4 merfolk aquamancers
  11 naga sharpshooters
  6 shock serpents
  6 orc high priests
  5 death yaks
  12 naga warriors
  2 tengu warriors
  A salamander mystic (Snake:4)
  2 anaconda zombies (Snake:2)
  2 skysharks
  2 spectral anacondas (Snake:2)
  A flayed ghost (D:15)
  A skeletal warrior (D:15)
  4 deep trolls (Vaults:1)
  21 sea snakes
  2 naga ritualists
  4 anaconda skeletons (Snake:2)
  3 lindwurms (Lair:5)
  2 ironbound convokers (Vaults:1)
  12 harpies
  9 orc knights
  3 mana vipers
  2 deep elf pyromancers
  Pikel (D:8)
  7 cyclopes
  19 salamanders
  A frost giant zombie (D:15)
  A wolf spider (Lair:5)
  3 orc sorcerers
  8 fauns
  13 manticores
  A manticore (shapeshifter) (D:14)
  6 guardian serpents
  32 black mambas
  9 merfolk sirens
  A vault sentinel (Vaults:1)
  6 water nymphs
  16 naga magi
  14 elephants
  Joseph (Lair:1)
  9 cane toads
  A torpor snail (Lair:5)
  4 gargoyles
  3 rime drakes (Lair:5)
  14 komodo dragons
  2 unseen horrors (D:11)
  7 yaktaurs
  6 anaconda simulacra (Snake:2)
  3 freezing wraiths (D:15)
  8 trolls
  A guardian mummy (D:15)
  8 wind drakes
  A hornet (D:10)
  8 polar bears
  A hornet (shapeshifter) (D:14)
  27 merfolk
  27 blink frogs
  7 dream sheep
  A raiju (Lair:5)
  11 snapping turtles
  A blink frog (shapeshifter) (D:10)
  A hexer (Vaults:1)
  10 slime creatures
  7 spriggans
  A wraith (D:13)
  A culicivora (shapeshifter) (D:15)
  6 wyverns
  2 shadows
  39 yaks
  A centaur simulacrum (D:15)
  7 water elementals
  Eustachio (D:6)
  A steam dragon (D:6)
  10 basilisks
  45 nagas
  Edmund (D:6)
  An acid dragon (D:10)
  8 wargs
  A glowing shapeshifter zombie (D:15)
  16 water moccasins
  13 hell hounds (Lair:5)
  A glowing shapeshifter skeleton (D:15)
  A sky beast (D:8)
  34 orc warriors
  9 black bears
  12 ogres
  4 boggarts (D:14)
  14 wolves
  5 centaurs
  A kobold brigand (D:10)
  4 bullfrogs
  3 scorpions
  A wight (D:8)
  10 killer bees
  4 electric eels
  6 howler monkeys
  A lava snake (D:15)
  Crazy Yiuf (D:2)
  2 hounds
  31 orc priests
  A gnoll bouda (D:5)
  Ijyb (D:4)
  10 orc wizards
  2 sleepcaps (D:5)
  5 iguanas
  19 gnolls
  7 adders
  A white imp (D:5)
  An ufetubus (D:5)
  A worm (D:4)
  A dart slug (D:5)
  66 orcs
  6 bats
  3 endoplasms
  4 giant cockroaches
  10 goblins
  5 hobgoblins
  2 jackals (D:3)
  4 quokkas
  4 ball pythons
  3 frilled lizards
  24 kobolds
  5 rats
  A butterfly (Lair:2)
  4 tentacles (Shoals:2)
996 creatures vanquished.

Vanquished Creatures (collateral kills)
  Mara (Snake:4)
  Frances (D:14)
  2 nagarajas
  The ghost of Vuirau the Carver, a journeyman DsGl of Okawaru (D:15)
  2 merfolk impalers
  2 catoblepae
  A hydra (D:13)
  Fannar (Lair:2)
  A satyr (Shoals:4)
  A centaur warrior (D:8)
  An anaconda (Snake:2)
  A two-headed ogre (D:11)
  2 naga warriors
  A shock serpent (Snake:2)
  4 death yaks
  A naga sharpshooter (Snake:4)
  Urug (D:12)
  A skyshark (Lair:5)
  6 sea snakes
  A naga ritualist (Snake:3)
  An orc knight (Orc:2)
  A necromancer (D:15)
  3 harpies (Shoals:4)
  4 mana vipers
  4 cyclopes
  2 fauns
  An orc sorcerer (Orc:2)
  A faun (shapeshifter) (D:10)
  8 elephants
  3 salamanders
  2 manticores
  5 merfolk sirens
  5 naga magi
  6 black mambas
  3 water nymphs
  A guardian serpent (Snake:4)
  5 cane toads
  An unseen horror (D:11)
  2 komodo dragons
  An efreet (D:9)
  A yaktaur (D:13)
  3 polar bears (Lair:5)
  2 trolls
  6 merfolk
  7 blink frogs
  6 dream sheep
  2 snapping turtles
  Sigmund (D:2)
  2 wraiths
  2 wyverns
  5 fire elementals
  11 yaks
  3 water elementals (Shoals:2)
  A basilisk (Lair:2)
  15 nagas
  3 wargs
  An acid dragon (D:10)
  4 water moccasins
  A hell hound (Lair:5)
  8 orc warriors
  6 black bears
  4 wolves (Lair:5)
  A lemure (D:8)
  4 kobold brigands
  3 bullfrogs
  A gnoll sergeant (D:12)
  3 killer bees
  A jelly (D:6)
  A howler monkey (D:8)
  A lava snake (D:15)
  7 orc priests
  A gnoll bouda (D:8)
  A sleepcap (D:6)
  4 orc wizards
  6 gnolls
  A shadow imp (D:8)
  A white imp (D:6)
  24 orcs
  7 kobolds
252 creatures vanquished.

Vanquished Creatures (others)
  2 salamander tyrants (Snake:3)
  A water elemental (Shoals:4)
  30 hexers
  An ancestor (D:6)
  64 fungi
  147 plants
  8 tentacles (Shoals:2)
  4 withered plants (D:15)
257 creatures vanquished.

Grand Total: 1505 creatures vanquished

Notes
Turn   | Place    | Note
-------+----------+-------------------------------------------
     0 | D:1      | MisterFreud the Gnoll Wanderer began the quest for the Orb.
     0 | D:1      | MisterFreud set off with the following items: a +2
                  | falchion, a +0 ring mail, a potion of attraction; and the
                  | following spell memorised: Beastly Appendage; and the
                  | following spells available to memorise: Spider Form.
     0 | D:1      | Reached XP level 1. HP: 20/20 MP: 4/4
    92 | D:1      | Reached XP level 2. HP: 26/26 MP: 5/5
   498 | D:1      | Reached XP level 3. HP: 26/31 MP: 7/7
   876 | D:2      | Found Feug's Assorted Antiques.
  1001 | D:2      | Noticed Sigmund
  1149 | D:2      | Found a faded altar of an unknown god.
  1381 | D:3      | Reached skill level 1 in Invocations
  1431 | D:3      | Reached skill level 1 in Short Blades
  1431 | D:3      | Reached skill level 1 in Axes
  1431 | D:3      | Reached skill level 1 in Maces & Flails
  1431 | D:3      | Reached skill level 1 in Polearms
  1431 | D:3      | Reached skill level 1 in Staves
  1431 | D:3      | Reached skill level 1 in Ranged Weapons
  1431 | D:3      | Reached skill level 1 in Throwing
  1431 | D:3      | Reached skill level 1 in Dodging
  1431 | D:3      | Reached skill level 1 in Stealth
  1431 | D:3      | Reached skill level 1 in Shields
  1431 | D:3      | Reached skill level 1 in Unarmed Combat
  1431 | D:3      | Reached skill level 1 in Evocations
  1691 | D:3      | Reached XP level 4. HP: 22/38 MP: 8/8
  2037 | D:4      | Reached skill level 1 in Conjurations
  2037 | D:4      | Reached skill level 1 in Hexes
  2037 | D:4      | Reached skill level 1 in Summonings
  2037 | D:4      | Reached skill level 1 in Necromancy
  2037 | D:4      | Reached skill level 1 in Translocations
  2037 | D:4      | Reached skill level 1 in Fire Magic
  2037 | D:4      | Reached skill level 1 in Ice Magic
  2037 | D:4      | Reached skill level 1 in Air Magic
  2037 | D:4      | Reached skill level 1 in Earth Magic
  2037 | D:4      | Reached skill level 1 in Poison Magic
  2384 | D:4      | Reached XP level 5. HP: 43/43 MP: 9/9
  2403 | D:4      | Noticed Ijyb
  2426 | D:4      | Killed Ijyb
  2533 | D:4      | Identified the +3 mace "Pirchymp" {drain, rElec Int+3
                  | Dex+4}
  2812 | D:5      | Entered Level 5 of the Dungeon
  2820 | D:5      | Reached XP level 6. HP: 50/50 MP: 11/11
  2846 | D:5      | Reached skill level 5 in Fighting
  2846 | D:5      | Reached skill level 5 in Long Blades
  2922 | D:5      | Identified the ring of the Red Skies {Will++ AC+4}
  3253 | D:4      | Found a shadowy altar of Dithmenos.
  3254 | D:4      | Noticed a shadow
  3257 | D:4      | Found a hazy altar of Hepliaklqana.
  3272 | D:4      | Became a worshipper of Hepliaklqana the Forgotten
  3720 | D:5      | Reached XP level 7. HP: 56/56 MP: 12/12
  4149 | D:5      | Found a shimmering blue altar of Sif Muna.
  4163 | D:5      | Found a staircase to the Ecumenical Temple.
  4626 | D:6      | Noticed Eustachio
  4636 | D:6      | Killed Eustachio
  4717 | D:6      | Reached XP level 8. HP: 30/63 MP: 8/14
  5052 | D:6      | Reached * piety under Hepliaklqana
  5907 | D:6      | Reached skill level 5 in Transmutations
  5973 | D:6      | Noticed Edmund
  5985 | D:6      | Killed Edmund
  6101 | D:6      | Reached XP level 9. HP: 59/62 MP: 14/16
  6104 | D:6      | Learned a level 2 spell: Blink
  6372 | D:2      | Killed Sigmund
  6373 | D:2      | Reached skill level 5 in Spellcasting
  6398 | D:2      | Found a runed translucent door.
  6399 | D:2      | Noticed Crazy Yiuf
  6407 | D:2      | Killed Crazy Yiuf
  6690 | D:7      | Identified a scroll of acquirement
  6690 | D:7      | Acquired the +2 cloak of Privacy {Rampage Dex+4 Stlth+}
  6802 | D:7      | Reached ** piety under Hepliaklqana
  6835 | D:7      | Remembered your ancestor Ammiditana as a hexer
  7242 | D:8      | Found a sparkling altar of Nemelex Xobeh.
  7248 | D:8      | Found a glowing golden altar of the Shining One.
  7284 | D:8      | Got Ereshkigal's Compilation of Open Graves
  7305 | D:8      | Reached skill level 5 in Invocations
  7672 | D:2      | Bought a runed quick blade for 414 gold pieces
  8034 | D:8      | Noticed Pikel
  8047 | D:8      | Killed Pikel
  8134 | D:8      | Noticed a centaur warrior
  8135 | D:8      | Noticed a centaur warrior
  8164 | D:8      | Killed a centaur warrior
  8165 | D:8      | Reached skill level 5 in Short Blades
  8165 | D:8      | Reached skill level 5 in Axes
  8165 | D:8      | Reached skill level 5 in Maces & Flails
  8165 | D:8      | Reached skill level 5 in Polearms
  8165 | D:8      | Reached skill level 5 in Staves
  8165 | D:8      | Reached skill level 5 in Ranged Weapons
  8165 | D:8      | Reached skill level 5 in Throwing
  8165 | D:8      | Reached skill level 5 in Dodging
  8165 | D:8      | Reached skill level 5 in Stealth
  8165 | D:8      | Reached skill level 5 in Shields
  8165 | D:8      | Reached skill level 5 in Unarmed Combat
  8165 | D:8      | Reached skill level 5 in Evocations
  8165 | D:8      | Reached XP level 10. HP: 58/71 MP: 13/19
  8224 | D:8      | Killed a centaur warrior
  9544 | D:9      | Reached *** piety under Hepliaklqana
  9618 | D:9      | Reached skill level 5 in Conjurations
  9618 | D:9      | Reached skill level 5 in Hexes
  9618 | D:9      | Reached skill level 5 in Summonings
  9618 | D:9      | Reached skill level 5 in Necromancy
  9618 | D:9      | Reached skill level 5 in Translocations
  9618 | D:9      | Reached skill level 5 in Fire Magic
  9618 | D:9      | Reached skill level 5 in Ice Magic
  9618 | D:9      | Reached skill level 5 in Air Magic
  9618 | D:9      | Reached skill level 5 in Earth Magic
  9618 | D:9      | Reached skill level 5 in Poison Magic
  9776 | D:9      | Reached XP level 11. HP: 72/76 MP: 18/21
 10539 | D:10     | Entered Level 10 of the Dungeon
 10582 | D:10     | Noticed a six-headed hydra
 10584 | D:10     | Noticed a deep elf pyromancer
 10587 | D:10     | Noticed a centaur warrior
 10589 | D:10     | Noticed a green ugly thing
 10589 | D:10     | Noticed an orc knight
 10592 | D:10     | Noticed a skeletal warrior
 10887 | D:10     | Found a staircase to the Orcish Mines.
 11137 | D:10     | Reached **** piety under Hepliaklqana
 11258 | D:10     | Killed a centaur warrior
 11288 | D:10     | Noticed a faun
 11306 | D:10     | Killed a faun
 11308 | D:10     | Noticed a two-headed ogre
 11325 | D:10     | Killed a two-headed ogre
 11362 | D:10     | Learned a level 2 spell: Ensorcelled Hibernation
 11517 | D:10     | Noticed a tengu warrior
 11537 | D:10     | Killed a tengu warrior
 11633 | D:10     | Found Ufu Loug's Assorted Antiques.
 11666 | D:10     | Killed an orc knight
 11691 | D:10     | Found a sacrificial altar of Ru.
 11804 | D:10     | Killed a six-headed hydra
 11844 | D:11     | Noticed a two-headed ogre
 11856 | D:11     | Killed a two-headed ogre
 11899 | D:11     | Reached XP level 12. HP: 84/84 MP: 23/23
 12182 | D:11     | Noticed a two-headed ogre
 12201 | D:11     | Killed a two-headed ogre
 12202 | D:11     | Reached skill level 10 in Armour
 12344 | D:11     | Noticed a two-headed ogre
 12348 | D:11     | Found a staircase to the Lair.
 12409 | D:11     | Noticed a two-headed ogre
 12426 | D:11     | Killed a two-headed ogre
 12491 | D:11     | Noticed a boulder beetle
 12510 | D:11     | Killed a boulder beetle
 12604 | D:11     | Noticed a two-headed ogre
 12635 | D:11     | Killed a two-headed ogre
 12656 | D:11     | Killed a two-headed ogre
 13200 | Lair:1   | Entered Level 1 of the Lair of Beasts
 13433 | Lair:1   | Noticed Joseph
 13458 | Lair:1   | Killed Joseph
 13525 | Lair:1   | Reached XP level 13. HP: 90/90 MP: 25/25
 14643 | Lair:1   | Reached ***** piety under Hepliaklqana
 15287 | Lair:2   | Reached skill level 10 in Fighting
 15287 | Lair:2   | Reached skill level 10 in Long Blades
 15791 | Lair:2   | Noticed Fannar
 15804 | Lair:2   | Killed Fannar
 16199 | Lair:3   | Found a staircase to the Snake Pit.
 16295 | Lair:3   | Reached skill level 10 in Invocations
 16295 | Lair:3   | Reached XP level 14. HP: 64/99 MP: 25/27
 16602 | Lair:3   | Found a runed translucent door.
 17038 | Lair:3   | Found a staircase to the Shoals.
 17195 | Lair:3   | Reached skill level 10 in Spellcasting
 17328 | Lair:3   | Noticed Killmatronix's ghost (journeyman MiSu)
 17827 | Lair:4   | Acquired a +4 lajatang of venom
 17838 | Lair:4   | Found a basalt altar of Yredelemnul.
 18337 | Lair:5   | Entered Level 5 of the Lair of Beasts
 18415 | Lair:5   | Found a staircase to the Slime Pits.
 18471 | Lair:5   | Reached skill level 10 in Short Blades
 18471 | Lair:5   | Reached skill level 10 in Axes
 18471 | Lair:5   | Reached skill level 10 in Maces & Flails
 18471 | Lair:5   | Reached skill level 10 in Polearms
 18471 | Lair:5   | Reached skill level 10 in Staves
 18471 | Lair:5   | Reached skill level 10 in Ranged Weapons
 18471 | Lair:5   | Reached skill level 10 in Throwing
 18471 | Lair:5   | Reached skill level 10 in Dodging
 18471 | Lair:5   | Reached skill level 10 in Stealth
 18471 | Lair:5   | Reached skill level 10 in Shields
 18471 | Lair:5   | Reached skill level 10 in Unarmed Combat
 18471 | Lair:5   | Reached skill level 10 in Evocations
 18651 | Lair:5   | Reached XP level 15. HP: 106/106 MP: 26/29
 18979 | Lair:5   | Identified the amulet of Xeuddufya {Spirit rF+}
 19638 | Lair:5   | Identified the +0 robe of Awe {Int+3}
 20157 | Lair:5   | Identified the +8 war axe of Bloody Death {pain, rElec
                  | Str+3 Int+2 Dex-3}
 20509 | D:12     | Noticed Snorg
 20525 | D:12     | Killed Snorg
 20753 | D:12     | Noticed Urug
 20768 | D:12     | Killed Urug
 20787 | D:12     | Reached ****** piety under Hepliaklqana
 21904 | D:13     | Found a gate to the Vaults.
 22157 | D:14     | Noticed Frances
 22180 | D:14     | Killed Frances
 22211 | D:14     | Reached skill level 10 in Transmutations
 22331 | D:14     | Reached XP level 16. HP: 114/114 MP: 31/31
 22361 | D:14     | You fall into a shaft and drop 1 floor!
 22361 | D:15     | Entered Level 15 of the Dungeon
 22556 | D:14     | Found the +10 dark maul {heavy}
 23112 | D:15     | Found a staircase to the Depths.
 23453 | D:15     | Found a runed translucent gate.
 23453 | D:15     | Found a runed translucent gate.
 23454 | D:15     | Found a runed translucent gate.
 23454 | D:15     | Noticed Vuirau's ghost (journeyman DsGl)
 23515 | D:15     | Found Latweil's Distillery.
 23524 | D:15     | Bought a potion of heal wounds for 70 gold pieces
 23524 | D:15     | Bought a potion of heal wounds for 70 gold pieces
 24209 | D:15     | Killed Vuirau's ghost
 24214 | D:15     | Identified the staff of conjuration "Ytuquleh" {Dex+3}
 24399 | Orc:1    | Entered Level 1 of the Orcish Mines
 24754 | Orc:1    | Found Saorar's Magic Scroll Shoppe.
 24843 | Orc:1    | Bought a scroll of teleportation for 30 gold pieces
 24843 | Orc:1    | Bought a scroll of teleportation for 30 gold pieces
 24843 | Orc:1    | Bought a scroll of enchant weapon for 75 gold pieces
 24843 | Orc:1    | Bought a scroll of enchant armour for 75 gold pieces
 25309 | Orc:2    | Entered Level 2 of the Orcish Mines
 25309 | Orc:2    | Found a staircase to the Elven Halls.
 25447 | Orc:2    | Noticed Saint Roka
 25801 | Orc:2    | Killed Saint Roka
 26393 | Orc:2    | Gained mutation: You are weak. (Str -2) [a neqoxec]
 27380 | Orc:2    | Found Hekoudei's Assorted Antiques.
 27383 | Orc:2    | Found Laodootirch's General Store.
 27384 | Orc:2    | Found Wim Huja's Magic Scroll Emporium.
 27385 | Orc:2    | Found Zoliugh's Jewellery Shoppe.
 27388 | Orc:2    | Bought a scroll of teleportation for 48 gold pieces
 27388 | Orc:2    | Bought a scroll of fear for 64 gold pieces
 27388 | Orc:2    | Bought a scroll of fear for 64 gold pieces
 27388 | Orc:2    | Bought a scroll of fog for 64 gold pieces
 27388 | Orc:2    | Bought a scroll of fog for 64 gold pieces
 27389 | Orc:2    | Bought a potion of haste for 140 gold pieces
 27668 | Snake:1  | Entered Level 1 of the Snake Pit
 27674 | Snake:1  | Found Nemijebb's Armour Shop.
 27677 | Snake:1  | Found Guodeache's Magic Scroll Boutique.
 27677 | Snake:1  | Found Doudirgh's Antique Armour Shop.
 27698 | Snake:1  | Found Keunelyk's Weapon Boutique.
 27730 | Snake:1  | Bought a pair of embroidered gloves for 255 gold pieces
 27746 | Snake:1  | Bought a scroll of teleportation for 57 gold pieces
 27746 | Snake:1  | Bought a scroll of teleportation for 57 gold pieces
 27749 | Snake:1  | Found Feggaoclu's Antique Armour Boutique.
 28128 | Snake:1  | Reached XP level 17. HP: 59/121 MP: 22/33
 28755 | Snake:1  | Reached skill level 10 in Conjurations
 28755 | Snake:1  | Reached skill level 10 in Hexes
 28755 | Snake:1  | Reached skill level 10 in Summonings
 28755 | Snake:1  | Reached skill level 10 in Necromancy
 28755 | Snake:1  | Reached skill level 10 in Translocations
 28755 | Snake:1  | Reached skill level 10 in Fire Magic
 28755 | Snake:1  | Reached skill level 10 in Ice Magic
 28755 | Snake:1  | Reached skill level 10 in Air Magic
 28755 | Snake:1  | Reached skill level 10 in Earth Magic
 28755 | Snake:1  | Reached skill level 10 in Poison Magic
 29968 | Shoals:1 | Entered Level 1 of the Shoals
 31775 | Shoals:2 | Noticed a kraken
 31832 | Shoals:2 | Killed a kraken
 33082 | Shoals:3 | Found Yqapteig's Antique Weapon Emporium.
 33179 | Shoals:3 | Reached XP level 18. HP: 108/128 MP: 25/34
 33618 | Shoals:4 | Entered Level 4 of the Shoals
 33977 | Shoals:4 | Noticed Roxanne
 34422 | Shoals:4 | Identified the ring "Rozuti" {Wiz +Blink}
 34516 | Shoals:4 | Identified the staff of fire "Korr" {Drain rF+ rN++ Dex+4}
 34742 | Shoals:4 | Noticed Ilsuiw
 34919 | Shoals:4 | HP: 6/129 [poisoned by a sea snake]
 35684 | Shoals:4 | Killed Ilsuiw
 35739 | Shoals:4 | Noticed Bai Suzhen
 35767 | Shoals:4 | HP: 4/129 [Bai Suzhen] (13)]
 35769 | Shoals:4 | Killed Bai Suzhen
 35795 | Shoals:4 | HP: 5/129 [drowned by a water nymph (12)]
 36252 | Shoals:4 | Noticed Polyphemus
 36271 | Shoals:4 | Killed Polyphemus
 36406 | Shoals:4 | Found Foeloshif's CLEARANCE SALE!.
 36665 | Shoals:4 | Bought 2 potions of curing for 36 gold pieces
 37252 | Shoals:4 | HP: 5/130 [merfolk javelineer/silver javelin (2)]
 37672 | Shoals:4 | Got a barnacled rune of Zot
 37767 | Shoals:4 | Identified the amulet of the Sheltering Gods {Spirit Harm
                  | Rampage *Slow Regen+}
 38223 | Snake:2  | Found a transporter.
 38277 | Snake:2  | Noticed Syrassil's ghost (journeyman DgGl)
 38294 | Snake:2  | Found a transporter.
 38296 | Snake:2  | Found Ozyfiorew's Distillery.
 38303 | Snake:2  | Bought a potion of might for 56 gold pieces
 39140 | Snake:2  | Reached XP level 19. HP: 135/135 MP: 33/36
 41286 | Snake:4  | Entered Level 4 of the Snake Pit
 41311 | Snake:4  | Noticed Mara
 41777 | Snake:4  | Killed Mara
 42192 | Snake:4  | Noticed Aizul
 42204 | Snake:4  | Reached skill level 15 in Armour
 42220 | Snake:4  | Killed Aizul
 43378 | Snake:4  | Reached skill level 15 in Invocations
 43757 | Snake:4  | Got a serpentine rune of Zot
 44672 | Vaults:1 | Entered Level 1 of the Vaults
 44727 | Vaults:1 | Found Zycaec's Book Shoppe.
 44739 | Vaults:1 | Reached XP level 20. HP: 91/144 MP: 29/38
 45426 | Vaults:1 | Noticed Donald
 45443 | Vaults:1 | Killed Donald
 45537 | Vaults:1 | Killed from afar by an ironbound frostheart

Illustrated notes

Levels and vault maps discovered:
D:1:      tarquinn_simple_flora_water_e, layout_basic
D:2:      layout_basic, serial_shops, shop, hellmonk_ecumenical_altar_lost_god,
          uniq_crazy_yiuf_cottage, uniq_sigmund
D:3:      wander_river, layout_rooms
D:4:      cheibrodos_quashed, layout_basic, riverfiend_overflow_shadow_ancestor,
          uniq_ijyb
D:5:      layout_cave_pools, lemuel_tele_altar, minmay_temple_entry_statues,
          hellmonk_no_cap
D:6:      layout_loops_corners, uniq_eustachio, uniq_edmund
D:7:      layout_cave_pools, kennysheep_generic_room_4
D:8:      minmay_chambers_of_sixes, layout_layer_cave, jmf_multi_god_temple,
          kennysheep_opposing_triangles, uniq_pikel
D:9:      layout_stronghold
D:10:     minmay_the_grid_triangle_9x9_recursive_2_mashed
          [minmay_the_grid_triangle_9x9_prize_schism,
          minmay_the_grid_triangle_9x9_intruding_spiral,
          minmay_the_grid_triangle_9x9_longest,
          minmay_the_grid_triangle_9x9_sparse_checkered], layout_irregular_city,
          mainiacjoe_overflow_surrounded_room, serial_column_ruins,
          column_ruins_open_small, column_ruins_open_small,
          column_ruins_open_tiny, column_ruins_open_medium, serial_shops,
          shop_statue
D:11:     kb_forest_paths, layout_stronghold, due_lair_maze_entry_diamond
D:12:     layout_cave_pods, minmay_sticks_and_stones, uniq_urug, uniq_snorg
D:13:     layout_rooms, grunt_vaults_entry_fortified,
          amcnicky_mini_rare_corridor_liquid
D:14:     layout_roguey, serial_park_tiny_pond, uniq_frances
D:15:     gammafunk_depths_entry_grave, layout_basic,
          portal_ice_cave_entry_frozen_things, serial_shops, shop,
          ebering_ghost_rock_garden, minmay_misc_feat_enclosed
Lair:1:   layout_concentric_octagons, minivault_19,
          nicolae_quartered_pool_impasse, uniq_joseph
Lair:2:   layout_misc_corridors, patterned_corridor, serial_bayou_shore_a,
          infiniplex_staircase_pool, grunt_megastairs_5, lemuel_fruit_fields,
          lemuel_fruit_tree, uniq_fannar
Lair:3:   layout_gridlike, elwin_shoals_entry_stream,
          guppyfry_snake_entry_island, ebering_ghost_reflecting_pool,
          grunt_forest_large_clearing_hut
Lair:4:   layout_misc_corridors, basic_altar, kennysheep_basilisk_garden,
          grunt_megastairs_3
Lair:5:   hangedman_lair_in_review, layout_small_grid,
          hangedman_lair_caniforms_friends, slime_entry_1,
          infiniplex_staircase_pool_2
Shoals:1: layout_shoals
Shoals:2: layout_shoals, nicolae_shoals_dead_sea_scrolls
Shoals:3: layout_shoals, serial_shops, nicolae_square_shop
Shoals:4: shoals_end_simple, layout_shoals, shoals_ilsuiw_ice,
          nicolae_shop_clearance, uniq_polyphemus, uniq_roxanne, uniq_bai_suzhen
Snake:1:  cheibrodos_forgotten_conduit, layout_rooms, serial_shops, shop_coins,
          nicolae_snake_shapes, minmay_shoptagon
Snake:2:  minmay_snake_river, layout_cave_town, serial_shops, shop,
          gammafunk_ghost_berserking_beasts, nicolae_snake_squiggles,
          nicolae_snake_dead_anacondas, grunt_megastairs_4
Snake:3:  layout_grid_shapes
Snake:4:  grunt_snake_rune_pools, layout_onion_interference,
          nicolae_snake_guarding_the_ruins, uniq_mara, uniq_aizul
Orc:1:    layout_caves, serial_shops, shop, minmay_orc_temple_c
Orc:2:    st_orc_pillars, layout_caves, nicolae_orc_lava_tube,
          lightli_orcish_oven, uniq_saint_roka
Vaults:1: vaults_mumra_chevron_long, vaults_mumra_minichess,
          nicolae_vaults_tetromino_Z_1, hangedman_vaults_maws,
          hangedman_vaults_stitches, nicolae_vaults_what_the_h,
          vaults_room_pools, vaults_room_pool, ontoclasm_vaults_loading_screen,
          layout_vaults_omnigrid, serial_shops, nicolae_book_shop_shelving,
          uniq_donald

Skill      XL: |  1  2  3  4  5  6  7  8  9 10 11 12 13 14 15 16 17 18 19 20 |
---------------+-------------------------------------------------------------+-----
Invocations    | 1 2 3 4 5 6 7 8 10 11 12 13 14 15 | 15.1
Short Blades   | 1 2 3 5 6 7 8 9 10 11 12 13 14 | 14.0
Axes           | 1 2 3 5 6 7 8 9 10 11 12 13 14 | 14.0
Maces & Flails | 1 2 3 5 6 7 8 9 10 11 12 13 14 | 14.0
Polearms       | 1 2 3 5 6 7 8 9 10 11 12 13 14 | 14.0
Staves         | 1 2 3 5 6 7 8 9 10 11 12 13 14 | 14.0
Ranged Weapons | 1 2 3 5 6 7 8 9 10 11 12 13 14 | 14.0
Throwing       | 1 2 3 5 6 7 8 9 10 11 12 13 14 | 14.0
Dodging        | 1 2 3 5 6 7 8 9 10 11 12 13 14 | 14.0
Stealth        | 1 2 3 5 6 7 8 9 10 11 12 13 14 | 14.0
Shields        | 1 2 3 5 6 7 8 9 10 11 12 13 14 | 14.0
Unarmed Combat | 1 2 3 5 6 7 8 9 10 11 12 13 14 | 14.0
Evocations     | 1 2 3 5 6 7 8 9 10 11 12 13 14 | 14.0
Spellcasting   | 3 4 6 7 8 9 10 11 12 13 14 | 14.2
Conjurations   | 1 2 3 4 5 6 7 8 9 10 11 | 11.9
Hexes          | 1 2 3 4 5 6 7 8 9 10 11 | 11.9
Summonings     | 1 2 3 4 5 6 7 8 9 10 11 | 11.9
Necromancy     | 1 2 3 4 5 6 7 8 9 10 11 | 11.9
Translocations | 1 2 3 4 5 6 7 8 9 10 11 | 11.9
Fire Magic     | 1 2 3 4 5 6 7 8 9 10 11 | 11.9
Ice Magic      | 1 2 3 4 5 6 7 8 9 10 11 | 11.9
Air Magic      | 1 2 3 4 5 6 7 8 9 10 11 | 11.9
Earth Magic    | 1 2 3 4 5 6 7 8 9 10 11 | 11.9
Poison Magic   | 1 2 3 4 5 6 7 8 9 10 11 | 11.9
Transmutations | 4 5 6 7 8 9 10 11 12 | 12.4
Fighting       | 5 6 7 8 9 10 11 12 13 14 | 14.6
Long Blades    | 5 6 7 8 9 10 11 12 13 14 | 14.6
Armour         | 7 8 9 10 11 12 13 14 15 | 15.3

Action                     |  1- 3 |  4- 6 |  7- 9 | 10-12 | 13-15 | 16-18 | 19-21 || total
---------------------------+-------+-------+-------+-------+-------+-------+-------++-------
  Melee: Falchion          |   113 |   173 |   339 |       |       |       |       ||   625
         Bite              |     9 |    20 |    40 |   148 |   261 |   399 |   144 ||  1021
         Punch             |     1 |     1 |    15 |    51 |     7 |       |       ||    75
         Quick blade       |       |       |    52 |   905 |  1368 |  2288 |   719 ||  5332
         Mace              |       |       |       |       |     6 |       |       ||     6
   Cast: Ensorcelled Hiber |       |       |       |       |   149 |       |       ||   149
 Invoke: Ancestor Life: He |       |       |     1 |       |       |       |       ||     1
         Recall Ancestor   |       |       |       |       |     1 |     2 |       ||     3
         Idealise          |       |       |       |       |     1 |       |       ||     1
  Evoke: Wand              |       |     5 |    10 |     2 |     4 |    20 |     1 ||    42
         Tin of tremorston |       |       |       |       |     3 |     7 |     2 ||    12
         Box of beasts     |       |       |       |       |     3 |     2 |     1 ||     6
         Phial of floods   |       |       |       |       |     2 |     1 |     1 ||     4
         Phantom mirror    |       |       |       |       |     1 |     1 |       ||     2
    Use: Scroll            |     7 |     5 |    10 |     1 |    12 |    12 |     3 ||    50
         Potion            |     1 |       |       |     1 |     1 |    10 |     5 ||    18
   Stab: Paralysed         |       |     1 |     6 |       |    26 |    77 |    24 ||   134
         Confused          |       |       |     2 |    11 |    38 |    46 |    32 ||   129
         Sleeping          |       |       |     1 |     7 |    68 |    32 |     6 ||   114
         Distracted        |       |       |     1 |     9 |    18 |    32 |     7 ||    67
         Invisible         |       |       |       |       |     3 |     1 |     1 ||     5
 Armour: Ring mail         |    60 |    80 |   177 |   228 |   330 |   368 |    78 ||  1321
  Dodge: Dodged            |    63 |    74 |   231 |   258 |   430 |   458 |   122 ||  1636
  Block: Kite shield       |       |       |       |       |   535 |  1241 |   322 ||  2098
         Reflection        |       |       |       |       |     3 |    99 |    59 ||   161
